 Dungeon Crawl Stone Soup version 0.20-a0-492-g6327889 (webtiles) character file.

52013 Goblin1989 the Severer (level 14, -1/117 HPs)
             Began as a Deep Dwarf Artificer on Jan 15, 2017.
             Was a High Priest of Makhleb.
             Slain by an orc knight
             ... wielding a +0 dire flail
              (24 damage)
             ... on level 2 of the Orcish Mines.
             The game lasted 00:55:27 (16021 turns).

Goblin1989 the Severer (Deep Dwarf Artificer)      Turns: 16021, Time: 00:55:28

Health: -1/117     AC: 23    Str: 20    XL:     14   Next: 25%
Magic:  9/9        EV:  4    Int: 13    God:    Makhleb [*****.]
Gold:   1741       SH: 21    Dex: 13    Spells: 13/13 levels left

rFire    . . .     SeeInvis .   x - +0 war axe
rCold    . . .     Gourm    .   P - +0 plate armour
rNeg     + . .     Faith    .   A - +2 large shield
rPois    +         Spirit   .   z - +0 helmet
rElec    .         Reflect  +   w - +0 cloak
rCorr    .         Harm     .   d - +2 pair of gloves {archery}
MR       ++...                  G - +1 pair of boots
Stlth    ..........             I - +2 amulet of reflection
Regen    0.0/turn               o - ring of poison resistance
                                y - +5 ring of slaying

@: non-regenerating, drained
A: damage resistance, recharge devices, talons 1, frail 1, negative energy
resistance 1, sense surroundings 2, slow regeneration 3
a: Heal Wounds, Minor Destruction, Lesser Servant of Makhleb, Major Destruction,
Greater Servant of Makhleb, Renounce Religion


You were on level 2 of the Orcish Mines.
You worshipped Makhleb.
Makhleb was extremely pleased with you.
You were not hungry.

You visited 4 branches of the dungeon, and saw 21 of its levels.

You collected 1741 gold pieces.

Inventory:

Hand Weapons
 a - a +0 scimitar of flaming
 x - a +0 war axe (weapon)
 H - a +0 whip of draining
Missiles
 b - 8 needles of sleeping
 Z - a throwing net {=f, !d}
Armour
 d - a +2 pair of gloves of archery (worn)
 w - a +0 cloak (worn)
 z - a +0 helmet (worn)
 A - a +2 large shield (worn)
 G - a +1 pair of boots (worn)
 P - a +0 plate armour (worn)
Jewellery
 l - an uncursed ring of flight
 o - a ring of poison resistance (right hand)
 y - a +5 ring of slaying (left hand)
 I - a +2 amulet of reflection (around neck)
 U - a +3 amulet of reflection
Wands
 c - a wand of digging (12/24)
 e - a wand of random effects (8/48)
 k - a wand of disintegration (10/24)
 t - a wand of flame (13/48)
 E - a wand of enslavement (15/24)
 L - a wand of lightning (0/15)
 N - a wand of polymorph (17/24)
 Q - a wand of disintegration (6/24)
 V - a wand of disintegration (11/24)
Scrolls
 h - 7 scrolls of enchant armour
 i - 6 scrolls of enchant weapon
 j - 3 scrolls of immolation {unknown}
 m - 9 scrolls of remove curse {@r2}
 q - 3 scrolls of fog
 r - 3 scrolls of blinking {unknown}
 B - 4 scrolls of fear
 D - a scroll of random uselessness {unknown}
 J - 3 scrolls of recharging
 K - a scroll of summoning {unknown}
 M - 5 scrolls of magic mapping
 R - 2 scrolls of identify {@r1}
 T - 9 scrolls of teleportation {!r, @r4}
 Y - 3 scrolls of noise {unknown}
Potions
 g - 5 potions of curing {@q1}
 p - a potion of haste {!q, @q3}
 C - a potion of flight
 F - 3 potions of heal wounds {!q, @q2}
 S - a potion of cure mutation {!q}
 X - a potion of berserk rage {!q}
Comestibles
 f - 10 bread rations {@e1}
 n - 9 beef jerkies
 s - 3 royal jellies
 u - 12 slices of pizza
 v - 9 fruits
 O - 6 meat rations {@e2}
 W - 25 chunks of flesh {@w0}


   Skills:
 + Level 9.9(9.3) Fighting
   Level 0.8(0.3) Short Blades
 * Level 15.5(14.8) Axes
 + Level 10.9(10.3) Armour
 - Level 2.1(1.6) Dodging
 - Level 1.2(0.7) Stealth
 + Level 10.7(10.1) Shields
 + Level 13.6(13.0) Evocations


You had 13 spell levels left.
You didn't know any spells.

Dungeon Overview and Level Annotations

Branches:
Dungeon (13/15)            Temple (1/1) D:6            Lair (5/6) D:8
  Swamp (0/4) Lair:4        Snake (0/4) Lair:4        Slime (0/5) Lair:5
    Orc (2/2) D:9             Elf (0/3) Orc:2
 Vaults: D:13-14

Altars:
Cheibriados
Elyvilon
Fedhas
Hepliaklqana
Kikubaaqudgha
Makhleb
Okawaru
Qazlal
Ru
Sif Muna
Uskayaw
Zin
Beogh

Shops:
D:7 }   D:10 (=:=   Orc:2 :

Annotations:
D:10 3 runed doors


Innate Abilities, Weirdness & Mutations

You are resistant to damage.
You can recharge devices by infusing magical energy.
You resist negative energy. (rN+)
You passively map the area around you.
You do not regenerate.
You have sharp toenails.
You are frail. (-10% HP)


Message History

You hit the orc knight but do no damage.
You slash the orc warrior! You closely miss the chaos spawn.
You closely miss the orc sorcerer.
The orc sorcerer suddenly shouts.
You block the orc warrior's attack.
The orc warrior hits you from afar with a glaive!
* * * LOW HITPOINT WARNING * * *
The chaos spawn closely misses you.
You take 6 damage, and have 23/117 hp.
You completely miss the ogre.
The ogre is heavily wounded.
You slash the orc sorcerer!
Your shield and plate armour prevent you from hitting the orc sorcerer.
You closely miss the chaos spawn.
You hit the orc warrior but do no damage.
You hit the orc knight but do no damage.
The orc warrior hits you but does no damage.
You block the ogre's attack.
The orc knight hits you with a dire flail!!
You die...

████.............███........P...
██ ██..........███ █...........·
.█ █............███████.......█
████..............█...........█·
.................███.........█..
...................█........██▓
..........█.................█
..........█....4o)o.......███ ··
....<....███...o@)........█ ▓·
........██ █..ooOo.......██ ·
........█ █..ooo3.......██ ▓
.......███................█ ▓·
.....███ ...................█ ·
█....█ ▓█......................
▓
█..███·▓.......................
· ........████.......... ▓ · ·
·· ██▓ ██.........·▓


You could see an orc knight, a neqoxec, a chaos spawn, 2 orc sorcerers, 6 orc
warriors and an ogre.

Vanquished Creatures
  Rupert (Lair:4)
  An orc warlord (Orc:2)
  Nessos (D:12)
  The ghost of Feta the Cleaver, a journeyman BaFi of Elyvilon (Lair:2)
  Fannar (Orc:1)
  2 hydras (Lair:4)
  4 death yaks (Lair:5)
  Erica (Orc:1)
  2 two-headed ogres (D:10)
  2 orc high priests (Orc:2)
  Urug (Orc:1)
  2 unseen horrors
  4 orc knights
  An oklob plant (Lair:5)
  4 orc sorcerers (Orc:2)
  An ugly thing (D:11)
  A manticore (D:12)
  5 black mambas
  Joseph (D:8)
  2 centaur skeletons
  10 spiny frogs
  5 rime drakes (Lair:4)
  5 komodo dragons
  5 trolls
  2 polar bears
  10 blink frogs
  A meliai zombie (D:10)
  16 hippogriffs
  Sigmund (D:6)
  A vampire (D:12)
  7 wyverns (Lair:4)
  7 basilisks (Lair:4)
  27 yaks
  A human (D:9)
  2 hungry ghosts (D:12)
  4 hogs (D:9)
  A steam dragon (D:8)
  2 vampire mosquitoes (D:10)
  A warg (Orc:2)
  2 soldier ants (D:12)
  15 water moccasins
  2 porcupines
  A necrophage (D:12)
  17 orc warriors
  2 phantoms
  6 sky beasts
  2 ice beasts
  3 black bears
  5 ogres
  6 wolves (Lair:5)
  15 crocodiles
  5 centaurs
  2 big kobolds
  17 bullfrogs
  A wyvern zombie (D:9)
  4 scorpions
  9 killer bees (D:9)
  13 wights
  An electric eel (D:10)
  5 howler monkeys
  3 bullfrog zombies
  3 crimson imps
  A centaur zombie (D:6)
  5 hounds
  3 jellies
  7 orc priests
  2 bullfrog skeletons
  An iguana (D:10)
  13 orc wizards
  13 worker ants
  2 hound zombies
  2 hound skeletons
  A howler monkey zombie (D:6)
  4 gnolls
  20 adders
  2 shadow imps
  5 oozes
  An adder skeleton (D:5)
  An adder zombie (D:6)
  2 worms
  2 dart slugs
  9 leopard geckos
  57 orcs
  10 bats
  3 giant cockroaches
  13 goblins
  6 hobgoblins
  12 jackals
  19 kobolds
  8 quokkas
  2 ball pythons
  8 frilled lizards
  2 quokka skeletons
  3 rats
  8 fungi
  2 plants (Lair:4)
534 creatures vanquished.

Vanquished Creatures (others)
  A quokka (D:6)
  4 fungi
  5 plants (Lair:4)
10 creatures vanquished.

Grand Total: 544 creatures vanquished

Notes
Turn   | Place    | Note
-------+----------+-------------------------------------------
     0 | D:1      | Goblin1989 the Deep Dwarf Artificer began the quest for the Orb.
     0 | D:1      | Reached XP level 1. HP: 16/16 MP: 3/3
     8 | D:1      | Reached skill level 1 in Fighting
    90 | D:1      | Reached XP level 2. HP: 17/26 MP: 5/5
   470 | D:1      | Reached XP level 3. HP: 23/33 MP: 6/6
  1447 | D:2      | Reached XP level 4. HP: 25/42 MP: 7/7
  2197 | D:3      | Reached skill level 5 in Evocations
  2197 | D:3      | Reached XP level 5. HP: 44/50 MP: 8/8
  2431 | D:3      | Found a faded altar of an unknown god.
  2622 | D:4      | Reached skill level 1 in Axes
  2727 | D:4      | Reached skill level 2 in Axes
  2750 | D:4      | Reached skill level 3 in Axes
  2750 | D:4      | Reached XP level 6. HP: 39/57 MP: 9/9
  2830 | D:4      | Reached skill level 4 in Axes
  3112 | D:4      | Reached XP level 7. HP: 42/63 MP: 10/10
  3294 | D:5      | Entered Level 5 of the Dungeon
  3338 | D:5      | Reached skill level 5 in Axes
  3338 | D:5      | Reached skill level 1 in Armour
  3438 | D:5      | Reached skill level 1 in Shields
  3736 | D:5      | Got a heavily runed ruby amulet
  4154 | D:6      | Reached skill level 6 in Axes
  4194 | D:6      | Reached XP level 8. HP: 62/73 MP: 11/11
  4195 | D:6      | Found a white marble altar of Elyvilon.
  4204 | D:6      | Noticed Sigmund
  4207 | D:6      | Killed Sigmund
  4318 | D:6      | Reached skill level 7 in Axes
  4471 | D:6      | Found a staircase to the Ecumenical Temple.
  4487 | Temple   | Entered the Ecumenical Temple
  4493 | Temple   | Became a worshipper of Makhleb the Destroyer
  4633 | D:7      | Noticed a hippogriff
  4639 | D:7      | Noticed a hippogriff
  4646 | D:7      | Reached skill level 5 in Fighting
  4651 | D:7      | Killed a hippogriff
  4651 | D:7      | Gained mutation: You passively map the area around you. [Deep Dwarf growth]
  4651 | D:7      | Reached XP level 9. HP: 57/81 MP: 9/11
  4653 | D:7      | Reached skill level 8 in Axes
  4680 | D:7      | Gained mutation: You tend to lose your temper in combat. [mutagenic meat]
  4681 | D:7      | Gained mutation: Armour fits poorly on your strangely shaped body. [mutagenic meat]
  4682 | D:7      | Lost mutation: Armour fits poorly on your strangely shaped body. [mutagenic meat]
  4683 | D:7      | Gained mutation: You are frail. (-10% HP) [mutagenic meat]
  4937 | D:7      | Found Guus's Gadget Boutique.
  4998 | D:7      | Found an iron altar of Okawaru.
  5406 | D:8      | Found a snail-covered altar of Cheibriados.
  5448 | D:8      | Found a staircase to the Lair.
  5476 | D:8      | Reached skill level 5 in Shields
  5603 | D:8      | Noticed Joseph
  5628 | D:8      | Killed Joseph
  5628 | D:8      | Reached skill level 9 in Axes
  5666 | D:8      | Reached * piety under Makhleb
  5989 | D:8      | Found an ancient bone altar of Kikubaaqudgha.
  5997 | D:8      | Reached skill level 5 in Armour
  6020 | D:8      | Reached XP level 10. HP: 77/81 MP: 9/9
  6421 | D:9      | Identified the amulet "Aqoheote" {Spirit Stlth+} (You found it on level 5 of the Dungeon)
  6753 | D:9      | Reached skill level 10 in Axes
  6906 | D:9      | Reached ** piety under Makhleb
  7192 | D:9      | Reached skill level 10 in Evocations
  7442 | D:9      | Found a staircase to the Orcish Mines.
  7467 | D:9      | Found a roughly hewn altar of Beogh.
  7587 | D:10     | Entered Level 10 of the Dungeon
  7597 | D:10     | Reached XP level 11. HP: 67/90 MP: 8/8
  7788 | D:10     | Noticed a two-headed ogre
  7808 | D:10     | Reached skill level 11 in Axes
  7817 | D:10     | Killed a two-headed ogre
  7817 | D:10     | Reached *** piety under Makhleb
  7832 | D:10     | Found a large runed door.
  7834 | D:10     | Found a large runed door.
  7924 | D:10     | Found Iby Fokk's Book Shoppe.
  7928 | D:10     | Found Xistrick's Jewellery Shoppe.
  7939 | D:10     | Found Zupt's Jewellery Shoppe.
  7940 | D:10     | Found Ziqic's Weapon Shoppe.
  8295 | D:10     | Noticed a two-headed ogre
  8307 | D:10     | Killed a two-headed ogre
  8573 | D:10     | Killed an unseen horror
  8694 | D:10     | Found a runed door.
  8694 | D:10     | Noticed a harpy
  8694 | D:10     | Noticed a fire giant
  8694 | D:10     | Noticed a deep elf mage
  8700 | D:10     | Noticed a wolf spider
  8700 | D:10     | Noticed a tengu reaver
  8700 | D:10     | Noticed an ettin
  8700 | D:10     | Noticed a harpy
  8700 | D:10     | Noticed a flayed ghost
  8853 | D:11     | You fall through a shaft for 2 floors!
  8905 | D:12     | Lost mutation: You are frail. (-10% HP) [mutagenic meat]
  8906 | D:12     | Gained mutation: Your muscles are strong. (Str +2) [mutagenic meat]
  8908 | D:12     | Gained mutation: You have sharp toenails. [mutagenic meat]
  8909 | D:12     | Gained mutation: You are surrounded by a mild repulsion field. (EV +2) [mutagenic meat]
  8910 | D:12     | Lost mutation: You tend to lose your temper in combat. [mutagenic meat]
  9027 | D:12     | Killed an unseen horror
  9098 | D:11     | Noticed a red ugly thing
  9126 | D:11     | Killed a red ugly thing
  9126 | D:11     | Reached skill level 12 in Axes
  9616 | D:11     | Reached **** piety under Makhleb
  9947 | D:12     | Gained mutation: You are frail. (-10% HP) [mutagenic meat]
  9948 | D:12     | Lost mutation: Your muscles are strong. (Str +2) [mutagenic meat]
 10160 | D:12     | Reached XP level 12. HP: 76/99 MP: 8/8
 10166 | D:12     | Noticed Nessos
 10178 | D:12     | Killed Nessos
 10556 | Lair:1   | Entered Level 1 of the Lair of Beasts
 11242 | Lair:2   | Noticed Feta's ghost (journeyman BaFi)
 11327 | Lair:2   | Killed Feta's ghost
 11703 | Lair:2   | Reached skill level 13 in Axes
 13115 | Lair:4   | Noticed Rupert
 13151 | Lair:4   | Killed Rupert
 13151 | Lair:4   | Reached XP level 13. HP: 74/108 MP: 9/9
 13241 | Lair:4   | Found a staircase to the Swamp.
 13293 | Lair:4   | Found a staircase to the Snake Pit.
 13368 | Lair:4   | Reached ***** piety under Makhleb
 13394 | Lair:4   | Reached skill level 14 in Axes
 13474 | Lair:4   | Reached skill level 10 in Armour
 13835 | Lair:4   | Reached skill level 10 in Shields
 14269 | Lair:5   | Found a staircase to the Slime Pits.
 14985 | Lair:5   | Reached skill level 15 in Axes
 15307 | Orc:1    | Entered Level 1 of the Orcish Mines
 15329 | Orc:1    | Noticed Urug
 15331 | Orc:1    | Noticed Erica
 15347 | Orc:1    | Killed Urug
 15368 | Orc:1    | Killed Erica
 15430 | Orc:1    | Noticed Fannar
 15457 | Orc:1    | Killed Fannar
 15474 | Orc:1    | Gained mutation: You resist negative energy. (rN+) [Deep Dwarf growth]
 15474 | Orc:1    | Reached XP level 14. HP: 50/117 MP: 9/9
 15636 | Orc:1    | Upgraded the game from 0.20-a0-472-g5c05303 to 0.20-a0-492-g6327889
 15647 | Orc:2    | Entered Level 2 of the Orcish Mines
 15676 | Orc:2    | Lost mutation: You are surrounded by a mild repulsion field. (EV +2) [a neqoxec]
 15753 | Orc:2    | Found Tyzuk's Book Shoppe.
 15799 | Orc:2    | Found a staircase to the Elven Halls.
 15989 | Orc:2    | Noticed an orc warlord
 16005 | Orc:2    | Killed an orc warlord
 16021 | Orc:2    | Slain by an orc knight

Vault maps used:
D:1:      matt_arrival_grand_opening, minmay_tree_intersection
D:2:      first_bread, mrwooster_statue_mirror, grunt_ministairs_4
D:3:      chequers_ecumenical_altar_lobes
D:4:      minmay_misc_feat_doors, fountainhead
D:6:      elyvilon_altar_4, uniq_sigmund
D:7:      serial_shops, shop, minmay_gold_behind_fungi, okawaru_trees_2
D:8:      overflow_temple_1_default, lemuel_crystal_altar, lair_entry_dummy,
          uniq_joseph
D:9:      minmay_orc_entry_temple_small, grunt_livestock
D:10:     minmay_gate_of_8, minmay_shop_grid_forest, minmay_stone_trees_medium,
          jmf_multi_god_temple2
D:12:     uniq_nessos
Temple:   eino_narrow_crystal_temple
Lair:3:   serial_bayou_shore_b, grunt_megastairs_3
Lair:4:   minmay_swamp_entry_worms, minmay_snake_entry_six_corridors,
          special_room, uniq_rupert
Lair:5:   nicolae_slime_entry_slimehenge
Orc:1:    uniq_fannar, uniq_erica, uniq_urug
Orc:2:    grunt_orc_gardens, grunt_orc_garden, grunt_orc_garden,
          grunt_orc_garden, grunt_orc_garden

Skill      XL: |  1  2  3  4  5  6  7  8  9 10 11 12 13 |
---------------+----------------------------------------+-----
Fighting       | 1 2 3 4 5 6 7 8 9 |  9.9
Evocations     | 5 6 8 9 10 11 12 13 | 13.6
Axes           | 3 4 6 7 9 10 12 13 15 | 15.5
Armour         | 2 3 5 6 8 9 10 | 10.9
Shields        | 2 3 5 6 8 9 10 | 10.7
Short Blades   | |  0.8
Dodging        | |  2.1
Stealth        | |  1.2

Action                   |  1- 3 |  4- 6 |  7- 9 | 10-12 | 13-15 || total
-------------------------+-------+-------+-------+-------+-------++-------
Melee: Short sword       |   197 |    68 |       |       |       ||   265
       Whip              |       |    61 |       |       |    25 ||    86
       War axe           |       |   130 |   432 |  1200 |   568 ||  2330
 Abil: Heal Wounds       |     2 |     5 |    16 |    17 |    10 ||    50
Evoke: Wand              |       |    10 |     4 |    30 |     9 ||    53
  Use: Potion            |       |       |     2 |     1 |     3 ||     6
       Scroll            |       |       |       |    19 |       ||    19
 Stab: Sleeping          |     2 |     1 |       |       |       ||     3
       Paralysed         |       |       |       |    41 |       ||    41
       Invisible         |       |       |       |       |    18 ||    18
  Eat: Chunk             |     2 |     6 |    15 |    34 |    10 ||    67
       Fruit             |       |       |       |     1 |       ||     1
Armor: Leather armour    |    37 |       |       |       |       ||    37
       Ring mail         |    31 |   115 |   135 |       |       ||   281
       Scale mail        |       |       |   121 |   121 |       ||   242
       Plate armour      |       |       |       |   441 |   289 ||   730
Dodge: Dodged            |   163 |   200 |   215 |   200 |    87 ||   865
Block: Large shield      |       |       |   340 |  1147 |   664 ||  2151
       Reflection        |       |       |       |     1 |    10 ||    11

Vault maps used:
D:1:      matt_arrival_grand_opening, minmay_tree_intersection
D:2:      first_bread, mrwooster_statue_mirror, grunt_ministairs_4
D:3:      chequers_ecumenical_altar_lobes
D:4:      minmay_misc_feat_doors, fountainhead
D:6:      elyvilon_altar_4, uniq_sigmund
D:7:      serial_shops, shop, minmay_gold_behind_fungi, okawaru_trees_2
D:8:      overflow_temple_1_default, lemuel_crystal_altar, lair_entry_dummy,
          uniq_joseph
D:9:      minmay_orc_entry_temple_small, grunt_livestock
D:10:     minmay_gate_of_8, minmay_shop_grid_forest, minmay_stone_trees_medium,
          jmf_multi_god_temple2
D:12:     uniq_nessos
Temple:   eino_narrow_crystal_temple
Lair:3:   serial_bayou_shore_b, grunt_megastairs_3
Lair:4:   minmay_swamp_entry_worms, minmay_snake_entry_six_corridors,
          special_room, uniq_rupert
Lair:5:   nicolae_slime_entry_slimehenge
Orc:1:    uniq_fannar, uniq_erica, uniq_urug
Orc:2:    grunt_orc_gardens, grunt_orc_garden, grunt_orc_garden,
          grunt_orc_garden, grunt_orc_garden
